Map: Site Delta LE

Players

Chaos - Winner!

  • Race: Zerg Zerg
  • Spawn Location: 11:00

IIIIIIIIIIII

  • Race: Terran Terran
  • League: Silver
  • Spawn Location: 5:00

VOD

Have the link to the VOD?

Description

All that trash talk and he still lost...

Time

  • Played on: Jan. 9, 2024, 11:13 a.m.
  • Length: 5:02
Show
View Real Time Build Order
Export as new Build Order

Chaos Zerg - Winner!

Build Orders: Pool First, Zergling Baneling 

Get SALT Encoding   

  12  0:18  Spawning Pool  
  11  0:23  Drone  
  13  0:28  Drone  
  13  0:33  Drone  
  14  0:44  Overlord  
  14  1:07  Zergling x6  
  17  1:22  Hatchery  
  17  1:25  Zergling x2  
  17  1:42  Extractor  
  17  1:43  Extractor, Spore Crawler  
  14  1:53  Drone x3  
  17  2:04  Queen  
  19  2:29  Overlord  
  19  2:30  Drone  
  19  2:31  Drone  
  21  2:52  Baneling Nest  
  21  2:56  Drone  
  21  2:58  Drone  
  22  3:12  Drone  
  23  3:14  Drone  
  24  3:22  Drone  
  24  3:23  Drone  
  26  3:47  Zergling x4  
  26  3:48  Zergling x8  
  32  3:55  Baneling x2  
  32  3:56  Baneling  
  32  3:57  Baneling x2  
  32  3:58  Baneling  
  32  4:11  Zergling x2  
  32  4:12  Zergling x4  
  32  4:13  Zergling x2  
  36  4:22  Baneling  
  36  4:29  Baneling x4  
  36  4:33  Baneling  
Show
View Real Time Build Order
Export as new Build Order

IIIIIIIIIIII Terran 

Build Orders:  

Get SALT Encoding   

  12  0:01  SCV  
  13  0:13  SCV  
  14  0:23  Supply Depot  
  14  0:25  SCV  
  15  0:45  SCV  
  15  0:48  Barracks  
  16  0:57  SCV  
  17  1:09  SCV  
  18  1:15  Engineering Bay  
  18  1:21  SCV  
  19  1:37  Supply Depot  
  18  1:42  Refinery x2  
  18  1:56  Supply Depot  
  18  1:57  Supply Depot  
  18  2:01  SCV  
  19  2:13  SCV  
  20  2:24  Marine  
  20  2:25  SCV  
  22  2:37  SCV  
  22  2:41  Marine  
  24  2:59  Marine  
  24  3:00  Factory  
  24  3:03  Orbital Command  
  25  3:17  Marine  
  26  3:31  SCV  
  27  3:35  Marine  
  28  3:43  SCV  
  29  3:55  SCV  
  30  4:07  SCV, Starport  
  31  4:19  SCV  
  31  4:21  Factory Tech Lab  
  32  4:31  SCV  
  33  4:43  SCV  
  37  4:52  Starport Tech Lab  
  37  4:53  Fusion Core  
Tags
 
League
Silver
Matchup
TvZ
Opening
Pool First
Spawn Locations
Cross Positions
Add a new tag
Caveats
  • Supply blocks, unpowered buildings, or Contaminate may cause inaccurate times.
  • Supply counts are checked every 10 seconds.